 Dungeon Crawl Stone Soup version 0.29.0-15-g675c0067aa (webtiles) character file.

Game seed: 13735278841548856465

49 qw the Sneak (level 3, -2/23 HPs)
             Began as a Gargoyle Delver on Sept 11, 2022.
             Slain by a hound (5 damage)
             ... on level 2 of the Dungeon.
             The game lasted 00:00:41 (2017 turns).

qw the Sneak (Gargoyle Delver)                      Turns: 2017, Time: 00:00:41

Health: -2/23      AC:  6    Str: 17    XL:     3   Next: 75%
Magic:  3/3        EV: 11    Int: 10    God:
Gold:   114        SH:  0    Dex: 11    Spells: 2/2 levels left

rFire   . . .      SeeInvis .   Y - +0 hand axe
rCold   . . .      Faith    .   (no shield)
rNeg    + . .      Spirit   .   b - +0 leather armour
rPois   inf        Reflect  .   (no helmet)
rElec   +          Harm     .   (no cloak)
rCorr   .          Rampage  .   (no gloves)
Will    .....                   (no boots)
Stlth   +++.......              (no amulet)
HPRegen 0.07/turn               (no ring)
MPRegen 0.08/turn               (no ring)

@: no status effects
A: sickness immunity, AC +3, negative energy resistance 1, electricity
resistance, torment resistance 1, petrification resistance
a: no special abilities


You were on level 2 of the Dungeon.
You visited 1 branch of the dungeon, and saw 5 of its levels.

You collected 114 gold pieces.


Innate Abilities, Weirdness & Mutations

You are immune to sickness and miasma.
Your stone body is resilient. (AC +3)
You are immune to poison.
You resist negative energy. (rN+)
You are resistant to electric shocks. (rElec)
You are resistant to unholy torment.
You are immune to petrification.


   Skills:
 - Level 3.2 Fighting
 + Level 3.2 Axes
 - Level 1.1 Throwing
 - Level 1.5 Dodging
 - Level 5.4 Stealth


You had 2 spell levels left.
You didn't know any spells.
Your spell library was empty.

Inventory:

Hand Weapons
 a - a +0 whip
 Y - a +0 hand axe (weapon)
Armour
 b - a +0 leather armour (worn)
Wands
 g - a wand of digging (3)
Scrolls
 e - a scroll of vulnerability {unknown}
Potions
 c - a potion of curing {unknown}
 f - a potion of haste
 h - a potion of cancellation {unknown}
 i - a potion of flight {unknown}

Dungeon Overview and Level Annotations

Branches:
Dungeon (5/15)
 Temple: D:4-7

Altars:
Sif Muna


Message History

A hound comes into view.
2004 ||| Stepping ~*~*~tactically~*~*~ (stealth).
Throw: javelin
Press: ? - help, Q - select action Shift-Dir - straight line, f - hound You throw a javelin.
The javelin pierces through the hound.
The hound is lightly wounded.
2006 ||| Stepping ~*~*~tactically~*~*~ (stealth).
The hound bites you but does no damage.
You closely miss the hound.
The hound is lightly wounded.
The hound bites you but does no damage.
You miss the hound.
The hound is lightly wounded.
The hound bites you but does no damage. The hound bites you.
You hit the hound but do no damage.
The hound is lightly wounded.
The hound closely misses you. The hound barely misses you.
You hit the hound but do no damage.
The hound is lightly wounded.
The hound barely misses you. The hound bites you.
You hit the hound.
The hound is moderately wounded.
The hound bites you.
The goblin shouts!
You hit the hound but do no damage.
The hound is moderately wounded.
The hound barely misses you. The hound completely misses you.
You barely miss the hound.
The hound is moderately wounded.
The hound bites you. The hound barely misses you.
You barely miss the hound.
The hound is moderately wounded.
The hound bites you. x2
You hit the hound.
The hound is heavily wounded.
The hound bites you.
You barely miss the hound.
The hound is heavily wounded.
The hound bites you.
You die...

#. #.#####.#####.#
#.#.#.##.#####.....#.#
.#.#(.............#
.............#...# #
#...##.#######...# #.
....##..#........#
#...................#
##....#h###.#.####.###
.g....#@###.#.# #.#
#..........#.####.#
....(..............#
.....##.......######
..... #.####### ###.
### #


You could see a hound.

Vanquished Creatures
  An adder (D:2)
  2 dart slugs
  5 bats (D:1)
  5 endoplasms
  A giant cockroach (D:3)
  A goblin (D:1)
  5 hobgoblins (D:1)
  3 quokkas
  4 ball pythons (D:1)
  4 frilled lizards (D:1)
  A rat (D:1)
32 creatures vanquished.

Notes
Turn   | Place    | Note
-------+----------+-------------------------------------------
     0 | D:5      | qw the Gargoyle Delver began the quest for the Orb.
     0 | D:5      | Reached XP level 1. HP: 14/14 MP: 1/1
     0 | D:5      | 0 ||| qw: Version: 0.1-a-118-gb4e7ce6
     0 | D:5      | 0 ||| qw: Game counter: 10378
     0 | D:5      | 0 ||| qw: Always use a shield: true
     0 | D:5      | 0 ||| qw: God list: Okawaru
     0 | D:5      | 0 ||| qw: Allow faded altars: false
     0 | D:5      | 0 ||| qw: Do Orc after D:15 true
     0 | D:5      | 0 ||| qw: Do second Lair branch before Depths: true
     0 | D:5      | 0 ||| qw: Lair rune preference: random
     0 | D:5      | 0 ||| qw: Plans: Normal
     0 | D:5      | 0 ||| PLANNING D:1-11
     8 | D:5      | Found a shimmering blue altar of Sif Muna.
    17 | D:5      | 17 ||| DROPPING scroll of fog.
    18 | D:5      | 18 ||| DROPPING scroll of magic mapping.
    19 | D:5      | 19 ||| DROPPING scroll of fear.
   172 | D:3      | Reached XP level 2. HP: 14/19 MP: 2/2
   280 | D:3      | 280 ||| READING scroll labelled YLLOAW VYIDYITTY.
   927 | D:1      | Reached skill level 3 in Axes
   961 | D:1      | Reached XP level 3. HP: 13/23 MP: 3/3
  1198 | D:1      | HP: 5/23 [frozen (4)]
  1681 | D:1      | Found a faded altar of an unknown god.
  1810 | D:1      | 1810 ||| READING scroll labelled RIFURA XECUUK.
  1811 | D:1      | 1811 ||| READING scroll labelled KEYBETEDUI.
  1941 | D:2      | 1941 ||| Stepping ~*~*~tactically~*~*~ (stealth).
  1943 | D:2      | 1943 ||| Stepping ~*~*~tactically~*~*~ (stealth).
  1945 | D:2      | 1945 ||| Stepping ~*~*~tactically~*~*~ (stealth).
  1953 | D:2      | Reached skill level 1 in Throwing
  1998 | D:2      | 1998 ||| Stepping ~*~*~tactically~*~*~ (stealth).
  2004 | D:2      | 2004 ||| Stepping ~*~*~tactically~*~*~ (stealth).
  2006 | D:2      | 2006 ||| Stepping ~*~*~tactically~*~*~ (stealth).
  2016 | D:2      | HP: 3/23 [hound (3)]
  2017 | D:2      | Slain by a hound

Levels and vault maps discovered:
D:1:      tarquinn_simple_flora_water_f, layout_loops_corners,
          shapermc_ecumenical_altar_mp_ritualfount
D:2:      layout_basic, kennysheep_generic_room_16
D:3:      layout_loops_ring
D:4:      layout_loops_corners, uniq_crazy_yiuf_cottage, uniq_edmund,
          uniq_eustachio, uniq_grinder
D:5:      layout_loops_ring, mainiacjoe_overflow_alcove_2,
          mainiacjoe_overflow_brackets, mainiacjoe_overflow_paths,
          mainiacjoe_overflow_chevrons, minmay_temple_entry_glassed_door,
          st_stairs_5, minmay_splitting_lines, uniq_duvessa

Skill      XL: |  1  2  3 |
---------------+----------+-----
Axes           | 2 3 |  3.2
Throwing       | 1 |  1.1
Fighting       | |  3.2
Dodging        | |  1.5
Stealth        | |  5.4

Action                   || total
-------------------------++-------
Melee: Hand axe          ||    99
Throw: Javelin           ||    12
  Use: Scroll            ||     3
 Stab: Sleeping          ||     2
Armor: Leather armour    ||    25
Dodge: Dodged            ||    51

Table legend:
 A = Non-vault XP
 B = Vault XP
 C = Vault XP percentage of total XP
 D = Non-vault monster count
 E = Vault monster count
 F = Vault count percentage of total count
                 A         B        C        D         E       F
            +---------+---------+-------+---------+---------+-------
      Total |      70 |       0 |   0.0 |      32 |       0 |   0.0
            +---------+---------+-------+---------+---------+-------
        D:1 |      45 |       0 |   0.0 |      26 |       0 |   0.0
        D:2 |      15 |       0 |   0.0 |       2 |       0 |   0.0
        D:3 |       6 |       0 |   0.0 |       3 |       0 |   0.0
        D:4 |       4 |       0 |   0.0 |       1 |       0 |   0.0
            +---------+---------+-------+---------+---------+-------
